AoeStats
← エドワフラン・スカー

Arena

510115337Analyzed
2v2 RM · 4d ago on Sep 29, 2026· 57m 30s· 4 players
Game mode
Random Map
Map size
Medium (4 player)
Population
200
Speed
Normal
Resources
Standard
Victory
Conquest
Starting age
Dark Age
Ending age
Imperial Age
RankedLock teamsTeams togetherTeam positionsShared explorationLock speedFull tech treeHidden civsTurbo modeCheats
Victory
Defeat
1116
+16
🇨🇳 Goths · China
1100
+17
🇨🇳 Japanese · China
1170
-19
🇨🇳 Spanish · China
1067
-14
エドワフラン・スカー
9:50 Feudal Age
14:26 Castle Age
12:35 Horse Collar
13:07 Double-Bit Axe
15:38 Bow Saw
15:28 Heavy Plow
15:55 Loom
17:30 Fervor
18:35 Chemistry
21:16 Padded Archer Armor
25:33 Leather Archer Armor
26:22 Wheelbarrow
27:38 Hand Cart
30:59 Imperial Age
31:16 Fletching
32:59 Conscription
33:19 Bodkin Arrow
33:56 Ring Archer Armor
33:59 Guilds
35:30 Bracer
35:40 Forging
36:19 Scale Mail Armor
35:42 Pikeman
36:23 Squires
38:07 Iron Casting
39:13 Elite Skirmisher
40:54 Blast Furnace
40:10 Chain Mail Armor
40:38 Siege Engineers
40:54 Ballistics
41:24 Bombard Tower
41:04 Town Watch
42:06 Plate Mail Armor
42:08 Masonry
41:51 Halberdier
44:50 Town Patrol
45:50 Architecture
45:11 Houfnice
46:26 Coinage
49:56 Banking
50:50 Two-Man Saw
50:44 Hussite Reforms
50:44 Wagenburg Tactics
53:00 Caravan
52:34 Elite Hussite Wagon
嗷呜一口吃掉
10:29 Feudal Age
14:33 Castle Age
16:17 Horse Collar
21:22 Scale Mail Armor
24:41 Double-Bit Axe
27:21 Heavy Plow
28:49 Wheelbarrow
32:16 Imperial Age
29:52 Gold Mining
32:15 Bow Saw
32:37 Forging
32:44 Chain Mail Armor
32:31 Padded Archer Armor
32:22 Fletching
32:35 Anarchy
34:00 Chemistry
33:24 Hand Cart
34:37 Two-Man Saw
34:27 Iron Casting
34:07 Squires
33:29 Man-at-Arms
35:23 Long Swordsman
36:21 Leather Archer Armor
36:02 Bodkin Arrow
38:10 Loom
39:35 Pikeman
40:21 Halberdier
48:35 Elite Skirmisher
55:05 Blast Furnace
57:33 Perfusion
火枪
12:35 Feudal Age
17:19 Castle Age
15:46 Horse Collar
16:24 Double-Bit Axe
17:40 Bloodlines
24:54 Padded Archer Armor
27:43 Bow Saw
30:01 Heavy Plow
29:52 Gold Mining
31:28 Wheelbarrow
35:42 Imperial Age
33:55 Scale Barding Armor
34:00 Forging
34:18 Loom
34:20 Town Watch
34:35 Stone Mining
35:10 Chain Barding Armor
35:18 Husbandry
35:53 Fortified Wall
35:43 Cavalier
37:03 Plate Barding Armor
37:03 Iron Casting
37:10 Hand Cart
37:21 Conscription
40:56 Two-Man Saw
40:40 Town Patrol
40:33 Paladin
44:23 Blast Furnace
44:06 Murder Holes
44:07 Light Cavalry
45:51 Fletching
隐姓埋名
4:15 Loom
13:22 Feudal Age
18:31 Castle Age
16:19 Horse Collar
16:25 Double-Bit Axe
24:47 Squires
Connection lost

Rejoining the realm…

Still unreachable

The connection could not be restored.

Session expired

The server has moved on; the page needs a fresh start.